 Dungeon Crawl Stone Soup version 0.31.0-11-ge490571c62 (webtiles) character file.

Game seed: 10538213857893155615

557 Rassilon the Cudgeller (level 7, -2/48 HPs)
             Began as a Gargoyle Fighter on Feb 1, 2024.
             Slain by an ogre
             ... wielding a +0 giant club
              (16 damage)
             ... on level 4 of the Dungeon.
             The game lasted 00:14:46 (2752 turns).

Rassilon the Cudgeller (Gargoyle Fighter)           Turns: 2752, Time: 00:14:47

Health: -2/48      AC: 12    Str: 20    XL:     7   Next: 30%
Magic:  7/7        EV:  9    Int: 13    God:
Gold:   188        SH:  6    Dex: 14    Spells: 6/6 levels left

rFire   + . .        o - +2 mace (holy)
rCold   . . .        c - +1 buckler
rNeg    + . .        b - +0 scale mail
rPois   ∞            (no helmet)
rElec   +            (no cloak)
rCorr   .            (no gloves)
SInv    .            (no boots)
Will    .....        (no amulet) Stlth
                     h - +6 ring of dexterity
HPRegen 0.28/turn    m - ring of protection from fire
MPRegen 0.10/turn

%: no passive effects
@: mighty
A: sickness immunity, AC +4, negative energy resistance 1, electricity
resistance, torment resistance 1, petrification resistance, clever 1, robust 1
a: no special abilities


You were on level 4 of the Dungeon.
You visited 1 branch of the dungeon, and saw 4 of its levels.

You collected 188 gold pieces.

Inventory:

Hand Weapons
 a - a +0 flail
 o - a +2 mace of holy wrath (weapon)
Armour
 b - a +0 scale mail (worn)
 c - a +1 buckler (worn)
Jewellery
 h - a +6 ring of dexterity (left hand)
 m - a ring of protection from fire (right hand)
Wands
 f - a wand of charming (15)
Scrolls
 e - a scroll of teleportation {unknown}
 g - a scroll of noise {unknown}
 i - 3 scrolls of vulnerability {unknown}
 j - a scroll of enchant armour
 k - a scroll of identify
 l - 2 scrolls of amnesia {unknown}
Potions
 n - a potion of magic
 p - 2 potions of curing


   Skills:
 + Level 4.9 Fighting
 * Level 5.1 Maces & Flails
 + Level 4.9 Armour
 + Level 4.9 Shields


You had 6 spell levels left.
You didn't know any spells.
Your spell library contained the following spells:

 Spells                   Type           Power      Damage    Failure   Level
 Freeze                   Ice            0%         1d3       71%         1
 Blink                    Tloc           0%         N/A       83%         2
 Ensorcelled Hibernation  Hex/Ice        0%         N/A       83%         2
 Lesser Beckoning         Tloc           0%         N/A       83%         2
 Momentum Strike          Conj/Tloc      0%         3d8       83%         2
 Fugue of the Fallen      Necr           0%         N/A       97%         3
 Anguish                  Hex/Necr       0%         N/A       100%        4
 Brom's Barrelling Bould  Conj/Erth      0%         2d3       100%        4
 Leda's Liquefaction      Alch/Erth      0%         N/A       100%        4


Dungeon Overview and Level Annotations

Branches:
Dungeon (4/15)
 Temple: D:4-7

Altars:
Hepliaklqana
Makhleb
Okawaru
Uskayaw

Shops:
D:3 [


Innate Abilities, Weirdness & Mutations

You are immune to sickness and miasma.
Your stone body is resilient. (AC +4)
You are immune to poison.
You resist negative energy. (rN+)
You are resistant to electric shocks. (rElec)
You are resistant to unholy torment.
You are immune to petrification.
Your mind is acute. (Int +4, Str/Dex -1)
You are robust. (+10% HP)


Message History

The goblin closely misses you.
You hit the hound.
You kill the hound!
You block the goblin's attack.
You sock the goblin!
You kill the goblin!
Things that are here:
a +0 dagger; a goblin corpse Grinder comes into view.
You closely miss Grinder. Grinder gestures at you.
You resist with significant effort. Grinder hits you.
You thump Grinder!
Grinder convulses!
Grinder is heavily wounded.
Grinder hits you but does no damage.
You thump Grinder!
Grinder convulses!
You kill Grinder!
Your Maces & Flails skill increases to level 5!
You have reached level 7!
Found a stone staircase leading up.
A kobold comes into view. It is wielding a +0 dagger.
Found a sling.
The kobold shouts!
The kobold throws a stone.
You block the stone.
You barely miss the kobold. The kobold hits you but does no damage.
You sock the kobold!
You kill the kobold!
l - 2 scrolls labelled LOCATZ LIREOL (gained 1)
You now have 188 gold pieces (gained 21).
Found a stone staircase leading down.
An ogre comes into view. It is wielding a +0 giant club.
The ogre shouts!
The ogre hits you with a +0 giant club!
You thump the ogre!
The ogre is moderately wounded.
The ogre hits you with a +0 giant club!!
* * * LOW HITPOINT WARNING * * *
You feel very mighty all of a sudden. The ogre hits you with a +0 giant club!
You die...

.......####.......#
..#......##........#
.........###.....###
#...<..#...#....##
..##..##.........### ###
.###...##...##..... ...#
.. #.#.#...##..##. .....
..##.#...........##.....#
.......#..#..#..@O..#
.........##..#....#.#
..#.......#.##...## #
..........#.....##
...............####
..............####...
.............## #....
............## ##...##
...........######.....####


You could see an ogre.

Vanquished Creatures
  Grinder (D:4)
  A bullfrog (D:4)
  A jelly (D:4)
  2 bombardier beetles (D:4)
  2 hounds
  Ijyb (D:4)
  An iguana (D:3)
  4 adders
  4 ribbon worms
  5 dart slugs
  An orc (D:4)
  2 endoplasms
  2 giant cockroaches
  6 goblins
  A hobgoblin (D:2)
  3 jackals (D:1)
  7 kobolds
  3 quokkas
  2 ball pythons (D:1)
  A bat (D:1)
  2 rats
52 creatures vanquished.

Notes
Turn   | Place    | Note
-------+----------+-------------------------------------------
     0 | D:1      | Rassilon the Gargoyle Fighter began the quest for the Orb.
     0 | D:1      | Reached XP level 1. HP: 14/14 MP: 1/1
   178 | D:1      | Reached XP level 2. HP: 19/19 MP: 2/2
   604 | D:2      | Reached XP level 3. HP: 20/23 MP: 3/3
   896 | D:2      | Reached skill level 3 in Maces & Flails
   896 | D:2      | Reached XP level 4. HP: 29/29 MP: 4/4
  1573 | D:3      | Got the Secrets of the Grounded Wendigo
  1999 | D:3      | Found a hide-covered altar of Uskayaw.
  2046 | D:3      | Found Feddetz's Antique Armour Emporium.
  2075 | D:3      | Found a burning altar of Makhleb.
  2171 | D:3      | HP: 1/29 [iguana (6)]
  2177 | D:3      | Reached XP level 5. HP: 18/33 MP: 5/5
  2273 | D:4      | Found an iron altar of Okawaru.
  2274 | D:4      | Gained mutation: You are partially covered in iridescent
                  | scales. (AC +2) [potion of mutation]
  2274 | D:4      | Gained mutation: Your magical capacity is low. (-10% MP)
                  | [potion of mutation]
  2274 | D:4      | Gained mutation: Your spells are a little harder to cast,
                  | but a little more powerful. [potion of mutation]
  2275 | D:4      | Lost mutation: Your magical capacity is low. (-10% MP)
                  | [potion of mutation]
  2275 | D:4      | Lost mutation: Your spells are a little harder to cast, but
                  | a little more powerful. [potion of mutation]
  2275 | D:4      | Lost mutation: You are partially covered in iridescent
                  | scales. (AC +2) [potion of mutation]
  2275 | D:4      | Gained mutation: You are robust. (+10% HP) [potion of
                  | mutation]
  2275 | D:4      | Gained mutation: Your mind is acute. (Int +4, Str/Dex -1)
                  | [potion of mutation]
  2298 | D:4      | Reached skill level 4 in Maces & Flails
  2298 | D:4      | Found a hazy altar of Hepliaklqana.
  2433 | D:4      | Reached XP level 6. HP: 36/42 MP: 6/6
  2505 | D:4      | Noticed Ijyb
  2523 | D:4      | Killed Ijyb
  2654 | D:4      | Noticed Grinder
  2659 | D:4      | Killed Grinder
  2660 | D:4      | Reached skill level 5 in Maces & Flails
  2660 | D:4      | Reached XP level 7. HP: 43/48 MP: 7/7
  2752 | D:4      | Slain by an ogre

Illustrated notes

Levels and vault maps discovered:
D:1:      dpeg_arrival_more_subterranean_lakeside_camping, layout_basic,
          item_on_display_b
D:2:      layout_basic
D:3:      layout_loops_ring, nicolae_uskayaw_suspiria,
          overflow_temple_1_default, serial_shops, shop, nrook_mini_vaults,
          grunt_decor_arrowhead, ebering_dispersal_statue_hall
D:4:      layout_cave_pools, nicolae_overflow_squiral,
          nicolae_figureground_sparkle, uniq_grinder, uniq_ijyb

Skill      XL: |  1  2  3  4  5  6 |
---------------+-------------------+-----
Maces & Flails | 3 4 5 |  5.1
Fighting       | 4 |  4.9
Armour         | 4 |  4.9
Shields        | 4 |  4.9

Action                     |  1- 3 |  4- 6 |  7- 9 || total
---------------------------+-------+-------+-------++-------
  Melee: Flail             |    81 |   107 |       ||   188
         Mace              |       |    12 |     3 ||    15
    Use: Scroll            |       |     8 |       ||     8
         Potion            |       |     5 |     1 ||     6
 Armour: Scale mail        |    60 |    95 |     4 ||   159
  Dodge: Dodged            |    44 |    38 |       ||    82
  Block: Buckler           |    13 |    31 |     1 ||    45
